Map: 2000 Atmospheres LE

Players

Classic

  • Race: Protoss Protoss

ByuN - Winner!

  • Race: Terran Terran

Event: DreamHack SC2 Masters Last Chance 2022

VOD

Have the link to the VOD?

Description

Time

  • Played on: Dec. 15, 2021, 4:19 a.m.
  • Length: 13:28

All games in this series

Show
View Real Time Build Order
Export as new Build Order

Classic Protoss 

Build Orders: 1 Gate Expand, Blink Stalkers, Zealot Archon 

Get SALT Encoding   

  12  0:00  Probe  
  13  0:12  Probe  
  14  0:17  Pylon  
  14  0:24  Probe (Chrono Boost)  
  15  0:36  Probe (Chrono Boost)  
  15  0:37  Gateway  
  16  0:44  Probe (Chrono Boost)  
  16  0:47  Assimilator  
  17  0:51  Probe  
  18  1:03  Probe  
  19  1:15  Probe  
  20  1:26  Nexus  
  20  1:32  Cybernetics Core  
  20  1:36  Probe  
  21  1:43  Assimilator  
  21  1:49  Pylon  
  21  1:50  Probe  
  22  2:02  Probe  
  22  2:05  Stalker (Chrono Boost)  
  25  2:13  Warp Gate  
  25  2:14  Probe  
  26  2:26  Probe (Chrono Boost)  
  27  2:33  Twilight Council  
  27  2:38  Probe x2 (Chrono Boost)  
  27  2:41  Stalker  
  30  2:47  Probe x2 (Chrono Boost)  
  32  2:52  Probe x2 (Chrono Boost)  
  32  2:58  Shield Battery  
  34  3:01  Blink (Chrono Boost)  
  34  3:04  Probe x2  
  36  3:16  Probe x2  
  36  3:19  Gateway  
  38  3:22  Stalker  
  40  3:28  Probe  
  40  3:29  Probe  
  42  3:37  Robotics Facility  
  42  3:40  Probe  
  42  3:41  Probe, Pylon  
  44  3:45  Assimilator  
  44  3:47  Assimilator  
  44  3:53  Probe  
  45  3:56  Pylon  
  45  4:02  Stalker  
  47  4:04  Probe  
  47  4:05  Probe  
  47  4:07  Pylon  
  49  4:14  Stalker  
  49  4:16  Probe  
  52  4:17  Probe  
  52  4:21  Gateway  
  52  4:24  Observer  
  54  4:26  Stalker  
  54  4:30  Probe x2  
  58  4:39  Stalker  
  57  4:58  Stalker  
  57  4:59  Nexus  
  59  5:06  Probe x2  
  61  5:09  Templar Archives  
  61  5:13  Pylon  
  61  5:17  Charge  
  61  5:18  Probe  
  62  5:26  Probe  
  63  5:30  Probe  
  63  5:32  Immortal  
  63  5:35  Gateway x2  
  68  5:39  Observer  
  68  5:40  Gateway  
  68  5:41  Psionic Storm  
  67  5:48  Probe x2  
  67  5:53  High Templar x2  
  71  6:00  Probe x2  
  73  6:09  Pylon  
  73  6:12  Probe x2  
  75  6:19  High Templar  
  75  6:23  Probe  
  75  6:24  Warp Prism, Probe x2  
  80  6:26  Gateway  
  80  6:27  Gateway  
  82  6:35  High Templar  
  82  6:36  Zealot x2  
  82  6:39  Zealot  
  90  6:40  Zealot  
  90  6:45  Pylon  
  92  6:48  Probe x3  
  92  6:54  Observer  
  95  6:55  Zealot  
  95  6:58  Pylon  
  95  6:59  Pylon  
  98  7:09  Zealot x2, High Templar x2  
  98  7:10  Zealot  
  98  7:14  Pylon  
  108  7:16  Forge  
  108  7:18  Probe, Pylon  
  108  7:19  Probe x2  
  108  7:21  Zealot x2  
  115  7:26  Zealot  
  115  7:29  Pylon  
  117  7:30  Immortal (Chrono Boost)  
  121  7:46  High Templar  
  121  7:47  Zealot x5, High Templar  
  121  7:48  Zealot  
  137  7:55  Protoss Ground Weapons Level 1  
  137  7:57  Archon  
  137  8:01  Probe x2  
  137  8:02  Probe  
  137  8:04  Assimilator  
  140  8:07  Pylon  
  140  8:08  Assimilator  
  140  8:10  Zealot x3  
  140  8:11  Pylon  
  146  8:13  Pylon  
  146  8:18  Zealot  
  148  8:21  Pylon  
  148  8:22  Pylon  
  148  8:30  Zealot  
  148  8:31  Stalker x3  
  130  8:49  Archon  
  108  8:57  Stalker, Archon  
  108  8:58  Stalker, Zealot x2  
  108  9:02  Zealot x4  
  74  9:15  Probe x3  
  57  9:22  Stalker x3  
  57  9:23  Stalker  
  60  9:27  Probe  
  60  9:28  Photon Cannon  
  60  9:31  Photon Cannon  
  58  9:33  Pylon, Shield Battery  
  58  9:39  Probe  
  58  9:41  Observer  
  58  9:43  Probe  
  58  9:44  Probe  
  61  9:46  Pylon  
  61  9:47  Zealot, High Templar x2  
  61  9:48  Zealot  
  61  9:50  Shield Battery  
  61  9:51  Probe  
  61  9:52  Observer  
  70  9:54  Immortal (Chrono Boost)  
  70  9:59  Gateway  
  74  10:01  Probe x2  
  74  10:03  Probe  
  77  10:10  Zealot x3  
  77  10:11  High Templar  
  77  10:12  Protoss Ground Armor Level 1 (Chrono Boost), Zealot  
  77  10:13  Probe x2  
  89  10:15  Probe  
  90  10:22  Zealot  
  90  10:23  Zealot  
  90  10:25  Probe x2  
  90  10:27  Probe  
  90  10:28  Warp Prism (Chrono Boost)  
  99  10:38  High Templar  
  99  10:39  High Templar  
  103  10:46  Zealot x3  
  109  10:50  High Templar  
  109  10:54  Probe x3  
  114  11:06  High Templar x2  
  114  11:07  Zealot x2  
  114  11:08  Zealot  
  122  11:14  Observer  
  122  11:17  Zealot x2  
  122  11:18  Forge  
  126  11:24  Nexus  
  126  11:29  Robotics Bay  
  126  11:31  Robotics Facility  
  126  11:38  Zealot  
  126  11:39  Zealot x3  
  133  11:52  Zealot x4  
  141  11:55  Pylon  
  139  12:12  Archon  
  139  12:13  Archon  
  139  12:14  Archon  
  135  12:19  Colossus (Chrono Boost)  
  113  12:26  Colossus (Chrono Boost)  
  113  12:28  High Templar x2  
  113  12:29  Zealot x4, High Templar x2  
  103  12:49  Zealot x4  
  114  13:08  Stalker x2  
  114  13:11  Archon  
  122  13:13  Archon  
  122  13:14  Stalker x2  
  122  13:16  Zealot  
  105  13:22  Zealot x2  
  105  13:24  Zealot  
Show
View Real Time Build Order
Export as new Build Order

ByuN Terran - Winner!

Build Orders:  

Get SALT Encoding   

  12  0:00  SCV  
  13  0:12  SCV  
  14  0:17  Supply Depot  
  14  0:24  SCV  
  15  0:39  SCV, Barracks  
  16  0:45  Refinery  
  16  0:51  SCV  
  16  0:56  Refinery  
  17  1:03  SCV  
  18  1:15  SCV  
  19  1:28  SCV  
  20  1:49  Reaper, Orbital Command  
  21  1:59  Factory  
  21  2:07  Supply Depot  
  21  2:15  SCV  
  22  2:27  SCV  
  23  2:37  Command Center  
  23  2:39  SCV  
  23  2:42  Factory Reactor  
  24  2:47  Starport  
  25  2:51  SCV  
  25  2:54  Supply Depot  
  25  3:03  SCV  
  26  3:14  Barracks  
  26  3:15  SCV  
  26  3:19  Widow Mine  
  31  3:20  Widow Mine  
  31  3:23  Medivac  
  33  3:28  SCV  
  33  3:30  Barracks Tech Lab  
  34  3:41  Widow Mine x2, SCV  
  39  3:53  SCV  
  40  4:00  Bunker  
  40  4:01  Barracks Tech Lab  
  40  4:04  Raven  
  40  4:05  SCV  
  43  4:12  Orbital Command  
  43  4:13  Marine x2  
  45  4:17  SCV, Factory Tech Lab  
  45  4:19  Marine  
  45  4:20  Stimpack  
  47  4:29  SCV  
  47  4:31  Marine x2  
  50  4:42  SCV, Marine  
  50  4:45  Siege Tank  
  53  4:46  SCV  
  53  4:49  Marine  
  53  4:54  SCV  
  53  4:56  Marine  
  53  4:58  SCV  
  53  4:59  Refinery  
  52  5:00  Marine  
  52  5:05  Starport Reactor  
  52  5:06  Marine  
  52  5:07  SCV  
  52  5:08  Barracks  
  52  5:10  SCV  
  52  5:11  Engineering Bay  
  53  5:15  Supply Depot  
  53  5:19  SCV  
  54  5:32  Marine x2  
  54  5:33  Marauder, SCV  
  62  5:36  SCV  
  62  5:37  Terran Infantry Weapons Level 1, Refinery  
  63  5:45  SCV  
  63  5:48  SCV  
  65  5:50  Marine x2  
  65  5:52  Supply Depot  
  65  5:54  Marauder  
  69  5:57  SCV  
  69  6:01  Supply Depot, Combat Shield  
  69  6:02  Marauder, SCV  
  70  6:13  Marine x2  
  70  6:14  Medivac, SCV x2  
  70  6:15  Medivac  
  78  6:25  Supply Depot  
  78  6:26  Marauder x2, SCV x2  
  78  6:28  Concussive Shells  
  78  6:31  Marine x2  
  86  6:46  Medivac x2  
  90  6:47  Command Center  
  90  6:53  Supply Depot  
  90  6:58  Barracks  
  90  6:59  Barracks  
  90  7:02  SCV x2  
  92  7:09  Supply Depot  
  92  7:10  Marauder  
  92  7:14  Marauder, Marine x2  
  99  7:15  SCV x2  
  99  7:17  Supply Depot  
  100  7:25  Ghost Academy  
  100  7:27  SCV  
  100  7:28  SCV  
  102  7:32  Marauder, Marine x2  
  102  7:36  Marauder  
  108  7:39  Terran Infantry Armor Level 1  
  108  7:41  Supply Depot  
  108  7:46  SCV x2  
  108  7:47  Missile Turret  
  108  7:50  Barracks Reactor, Barracks Tech Lab  
  110  7:51  Viking x2  
  110  7:55  Marine  
  110  7:56  Marine  
  116  7:58  Enhanced Shockwaves  
  116  8:06  SCV x2  
  116  8:12  Ghost x3  
  123  8:20  Marine x2  
  123  8:25  SCV x2  
  127  8:28  Marine  
  127  8:29  Marine  
  127  8:34  SCV  
  130  8:35  Supply Depot  
  128  8:41  Marauder  
  128  8:42  Marauder x2  
  117  8:48  SCV x2  
  117  8:49  SCV  
  117  8:50  Marine  
  105  9:00  SCV x2, Marine  
  105  9:01  SCV  
  77  9:03  Marauder x3  
  70  9:12  SCV x2  
  70  9:13  SCV  
  65  9:21  Marine  
  65  9:24  Marauder, SCV  
  65  9:25  SCV  
  65  9:30  SCV  
  70  9:36  Marauder, SCV  
  70  9:39  Marine  
  70  9:41  SCV  
  72  9:51  Ghost x2  
  76  9:57  Ghost, Marine x3  
  76  9:59  Marine  
  82  10:02  SCV x2  
  84  10:07  Orbital Command  
  84  10:14  SCV x2  
  85  10:17  Marine x2  
  85  10:20  Marauder  
  85  10:21  Marauder  
  92  10:22  Medivac x2  
  92  10:26  Marauder, SCV  
  92  10:27  SCV  
  100  10:35  SCV  
  100  10:38  SCV  
  100  10:39  SCV, Marine  
  100  10:40  Marine x3  
  113  10:51  Ghost x2  
  113  10:52  Viking x2, Ghost  
  113  10:54  SCV x2  
  119  10:57  SCV  
  120  11:06  Marine  
  120  11:07  Marine x3  
  120  11:08  SCV  
  120  11:09  SCV  
  126  11:19  SCV  
  126  11:20  Marauder x2, SCV  
  126  11:21  SCV  
  126  11:22  Marauder, Supply Depot, Viking  
  126  11:24  Marine x2  
  126  11:25  Marine x2  
  140  11:39  Supply Depot  
  140  11:42  Marine  
  140  11:43  Marauder, Medivac, Marine x2  
  140  11:44  Marauder, Supply Depot  
  140  11:46  Supply Depot  
  149  11:52  Marine  
  149  12:01  Marauder, Marine  
  152  12:05  Marauder  
  134  12:16  Marauder  
  134  12:18  Marine  
  134  12:19  Marine  
  134  12:23  Marauder  
  134  12:26  Marine  
  134  12:27  SCV x2  
  134  12:28  SCV  
  135  12:35  Viking  
  135  12:36  Viking, Marine  
  135  12:38  Barracks  
  135  12:39  SCV  
  135  12:41  Marine  
  135  12:42  Factory Reactor  
  142  12:46  Ghost x2  
  142  12:47  Barracks Tech Lab  
  142  12:50  SCV x2  
  142  12:51  SCV  
  144  13:02  SCV x2  
  144  13:03  SCV  
  147  13:10  Supply Depot  
  147  13:14  SCV  

Tags
 
Add a new tag
Caveats
  • Supply blocks, unpowered buildings, or Contaminate may cause inaccurate times.
  • Supply counts are checked every 10 seconds.